 Dungeon Crawl Stone Soup version 0.30-a0-591-g3c58d2bc28 (webtiles) character file.

Game seed: 17448336695296447510

23 hikkokomori the Conjurer (level 2, 0/17 HPs)
             Began as an Octopode Conjurer on Jan 6, 2023.
             Slain by an adder (4 damage)
             ... on level 2 of the Dungeon.
             The game lasted 00:00:52 (1196 turns).

hikkokomori the Conjurer (Octopode Conjurer)        Turns: 1196, Time: 00:00:53

Health: 0/17       AC:  1    Str:  5 (6)  XL:     2   Next: 95%
Magic:  0/5        EV: 13    Int: 19 (20) God:
Gold:   50         SH:  0    Dex:  9 (10) Spells: 4/5 levels left

rFire   . . .      SeeInvis .    (no weapon)
rCold   . . .      Faith    .    (no shield)
rNeg    . . .      Spirit   .    (helmet restricted)
rPois   .          Reflect  .    (no amulet)
rElec   .          Harm     .    (no ring)
rCorr   .          Rampage  .    (no ring)
Will    .....                    (no ring)
Stlth   +++                      (no ring)
HPRegen 0.22/turn                (no ring)
MPRegen 0.09/turn                (no ring)
                                 (no ring)
                                 (no ring)

@: lethally poisoned (0 -> -4)
A: almost no armour, amphibious, 8 rings, camouflage 1, gelatinous body 1,
(nimble swimmer 1), tentacles
a: no special abilities


You were on level 2 of the Dungeon.
You visited 1 branch of the dungeon, and saw 2 of its levels.

You collected 50 gold pieces.

Inventory:

Jewellery
 d - an amulet of guardian spirit
Scrolls
 b - 2 scrolls of teleportation {unknown}
 c - a scroll of amnesia {unknown}
 f - a scroll of blinking {unknown}
 g - a scroll of magic mapping {unknown}
 i - a scroll of enchant weapon {unknown}
 j - a scroll of acquirement {unknown}
Potions
 a - 2 potions of magic
 h - a potion of berserk rage {unknown}


   Skills:
 + Level 2.3 Dodging
 + Level 3.3 Stealth
 + Level 2.3 Spellcasting
 + Level 4.2 Conjurations


You had 4 spell levels left.
You knew the following spells:

 Your Spells              Type           Power      Damage    Failure   Level
a - Magic Dart            Conj           72%        1d6       3%          1

Your spell library contained the following spells:

 Spells                   Type           Power      Damage    Failure   Level
 Searing Ray              Conj           36%        2d5       4%          2
 Dazzling Flash           Conj/Hex       20%        N/A       21%         3
 Fulminant Prism          Conj/Hex       5%         3d7       56%         4
 Iskenderun's Mystic Bla  Conj/Tloc      10%        2d4       56%         4


Dungeon Overview and Level Annotations

Branches:
Dungeon (2/15)

Altars:

Shops:
D:1 *[::


Innate Abilities, Weirdness & Mutations

You cannot wear most types of armour.
You are amphibious.
You can wear up to eight rings at the same time.
Your skin changes colour to match your surroundings (Stealth+).
Your rubbery body absorbs attacks. (AC +1, EV +1)
((You are camouflaged when in or above water. (Stealth+)))
You have tentacles for arms and can constrict up to eight enemies at once.


Message History

The adder is lightly wounded.
The adder hisses angrily.
The ball python hisses angrily.
The adder closely misses you.
There are monsters nearby!
The magic dart hits the adder but does no damage.
The adder is lightly wounded.
There are monsters nearby!
The magic dart hits the adder.
The adder is moderately wounded.
The adder closely misses you. The ball python bites you.
The ball python misses you.
A hobgoblin comes into view.
There are monsters nearby!
The magic dart hits the adder.
The adder is severely wounded.
The hobgoblin shouts!
The adder bites you.
You are poisoned.
The adder poisons you! The ball python barely misses you.
The ball python grabs you. The ball python constricts you.
The adder barely misses you.
There are monsters nearby!
The magic dart hits the ball python.
You kill the ball python!
You feel sick. The adder bites you.
You are more poisoned.
The adder poisons you!
There are monsters nearby!
You are out of magic!
There are monsters nearby!
Unknown command.
You feel sick. The hobgoblin attacks as you move away! The hobgoblin hits you.
You feel sick.
The hobgoblin drinks a potion.
The hobgoblin seems to grow stronger.
It was a potion of degeneration.
There was something very wrong with that liquid.
You feel weakened.
You feel dopey.
You feel clumsy.
* * * LOW HITPOINT WARNING * * *
You feel sick. The adder bites you.
You die...

### ..#
#.# ####.#
#..#.. ##
#..#.# ..#
#..#.#...#
#<@#.†.#
#.#Sg#.#
#...## !.
#.#.. ##
#.##.# #..
.. ### #..
###


You could see an adder and a hobgoblin (strong).

Vanquished Creatures
  4 ball pythons
  A bat (D:1)
  An endoplasm (D:1)
  A giant cockroach (D:1)
  3 goblins (D:1)
  2 hobgoblins
  A kobold (D:1)
  2 quokkas (D:1)
  A frilled lizard (D:1)
  3 rats (D:1)
19 creatures vanquished.

Notes
Turn   | Place    | Note
-------+----------+-------------------------------------------
     0 | D:1      | hikkokomori the Octopode Conjurer began the quest for the
                  | Orb.
     0 | D:1      | Reached XP level 1. HP: 11/11 MP: 3/3
    57 | D:1      | Found Omuuj's Book Boutique.
    62 | D:1      | Found Pesuschil's Book Boutique.
   200 | D:1      | Reached XP level 2. HP: 17/17 MP: 3/5
   237 | D:1      | Found a faded altar of an unknown god.
   662 | D:1      | Found Caulleig's Assorted Antiques.
   665 | D:1      | Found Loecok's Armour Shop.
  1196 | D:2      | Slain by an adder

Illustrated notes

Levels and vault maps discovered:
D:1:      lemuel_arrival_behind_the_door_small, layout_basic, serial_shops,
          nicolae_shop_hallway_stairs, nicolae_diamond_shop, shop,
          nicolae_square_shop, shapermc_ecumenical_altar_totnotflames
D:2:      minmay_roachtagon, layout_basic, minmay_tromino_v4_a, uniq_terence

Skill      XL: |  1 |
---------------+----+-----
Stealth        | 3 |  3.3
Dodging        | |  2.3
Spellcasting   | |  2.3
Conjurations   | |  4.2

Action                   || total
-------------------------++-------
Melee: Unarmed           ||     6
       Constrict         ||     1
       Tentacles         ||     1
 Cast: Magic Dart        ||    37
  Use: Potion            ||     1
Dodge: Dodged            ||    10

Table legend: (Time is in decaauts)
 A = Elapsed time spent in this place.
 B = Non-inter-level travel time spent in this place.
 C = Inter-level travel time spent in this place.
 D = Time resting spent in this place.
 E = Time spent auto-exploring this place.
 F = Levels seen in this place.
 G = Mean time per level.
                   A        B        C        D        E       F      G
               +--------+--------+--------+--------+--------+-----+--------+
         Total |   1195 |   1157 |     38 |      0 |   1067 |   2 |  597.5 |
       Dungeon |   1195 |   1157 |     38 |      0 |   1067 |   2 |  597.5 |
               +--------+--------+--------+--------+--------+-----+--------+

Top non-repeatable levels by time:
     D:1: 1174 daAuts
     D:2: 21 daAuts
